 Dungeon Crawl Stone Soup version 0.23-a0-814-g91b4073 (webtiles) character file.

100 Kavrick the Skirmisher (level 4, -2/36 HPs)
             Began as a Demonspawn Fighter on Jan 21, 2019.
             Was an Initiate of Ashenzari.
             Slain by an iguana (3 damage)
             ... on level 3 of the Dungeon.
             The game lasted 00:04:35 (2370 turns).

Kavrick the Skirmisher (Demonspawn Fighter)         Turns: 2370, Time: 00:04:35

Health: -2/36      AC:  6    Str: 18    XL:     4   Next: 46%
Magic:  4/4        EV:  7    Int:  9    God:    Ashenzari [......]
Gold:   141        SH:  9    Dex: 16    Spells: 3/3 levels left

rFire    . . .     SeeInvis .   a - +0 long sword
rCold    . . .     Gourm    .   c - +0 shield (curse)
rNeg     . . .     Faith    .   b - +0 scale mail
rPois    .         Spirit   .   (no helmet)
rElec    .         Reflect  .   (no cloak)
rCorr    .         Harm     .   (no gloves)
MR       .....                  (no boots)
Stlth    ++........             (no amulet)
HPRegen  0.12/turn              o - ring of stealth
MPRegen  0.09/turn              (no ring)

@: no status effects
A: thin skeletal structure 2, rot immunity
a: Curse Item, Renounce Religion


You were on level 3 of the Dungeon.
You worshipped Ashenzari.
Ashenzari was noncommittal.
You were not hungry.

You visited 1 branch of the dungeon, and saw 4 of its levels.

You collected 141 gold pieces.

Inventory:

Hand Weapons
 a - a +0 long sword (weapon)
Armour
 b - a +0 scale mail (worn)
 c - a cursed +0 shield (worn)
Jewellery
 g - an uncursed ring of fire
 o - a ring of stealth (left hand)
Wands
 p - a wand of flame (16)
Scrolls
 e - 2 scrolls of noise {unknown}
 h - 2 scrolls of enchant armour {unknown}
 i - 6 scrolls of identify {unknown}
 k - a scroll of random uselessness {unknown}
 n - 2 scrolls of remove curse
 t - a scroll of magic mapping {unknown}
 u - a scroll of fog {unknown}
Potions
 d - a potion of might
 j - a potion of curing {unknown}
 l - 3 potions of flight {unknown}
 m - a potion of magic {unknown}
 r - a potion of lignification {unknown}
 s - a potion of mutation {unknown}
Comestibles
 f - 3 rations


   Skills:
 + Level 3.6 Fighting
 * Level 3.0 Long Blades
 + Level 3.2 Armour
 + Level 3.2 Shields


You had 3 spell levels left.
You didn't know any spells.
Your spell library was empty.

Dungeon Overview and Level Annotations

Branches:
Dungeon (4/15)
 Temple: D:4-7

Altars:
Ashenzari
Dithmenos
Ru
Vehumet


Innate Abilities, Weirdness & Mutations

You have a moderately thin skeletal structure. (Dex +4, Stealth+)
You are immune to rotting.


Message History

The iguana bites you.
* * * LOW HITPOINT WARNING * * *
The giant cockroach completely misses you.
The iguana bites you.
* * * LOW HITPOINT WARNING * * *
You hit the iguana.
The iguana is severely wounded.
The giant cockroach bites you.
* * * LOW HITPOINT WARNING * * *
The iguana closely misses you.
You riposte.
You barely miss the iguana.
The iguana is severely wounded.
You hit the iguana but do no damage.
The iguana is severely wounded.
The giant cockroach bites you but does no damage.
The iguana bites you but does no damage.
You block the giant cockroach's attack.
Your shield and scale mail prevent you from hitting the iguana.
The iguana is severely wounded.
The iguana bites you.
You die...

######## #......#
#......# #......#
#.(....# #
#......# #
#.l....###########
#@s..>............
#####.############
#.............
#.############ #.#
# #.# # #.#
####### #.#
#...... #######.#
#......


You could see an iguana and a giant cockroach.

Vanquished Creatures
  2 adders
  A shadow imp (D:3)
  3 oozes
  A worm (D:2)
  A dart slug (D:2)
  4 leopard geckos
  A ball python (D:3)
  4 giant cockroaches
  7 goblins
  5 hobgoblins
  2 quokkas (D:3)
  5 bats
  A frilled lizard (D:2)
  6 kobolds
  10 rats
53 creatures vanquished.

Notes
Turn   | Place    | Note
-------+----------+-------------------------------------------
     0 | D:1      | Kavrick the Demonspawn Fighter began the quest for the Orb.
     0 | D:1      | Reached XP level 1. HP: 18/18 MP: 1/1
    86 | D:1      | Gained mutation: You have a somewhat thin skeletal
                  | structure. (Dex +2, Stealth) [demonic ancestry]
    86 | D:1      | Reached XP level 2. HP: 20/24 MP: 2/2
   646 | D:2      | Found a sacrificial altar of Ru.
   669 | D:2      | Gained mutation: You have a moderately thin skeletal
                  | structure. (Dex +4, Stealth+) [demonic ancestry]
   669 | D:2      | Reached XP level 3. HP: 18/29 MP: 3/3
  1090 | D:2      | Found a radiant altar of Vehumet.
  1688 | D:3      | Gained mutation: You are immune to rotting. [demonic
                  | ancestry]
  1688 | D:3      | Reached XP level 4. HP: 23/35 MP: 4/4
  1924 | D:3      | Found a shattered altar of Ashenzari.
  1954 | D:3      | Became a worshipper of Ashenzari the Shackled
  2285 | D:3      | Found a shadowy altar of Dithmenos.
  2368 | D:3      | HP: 1/36 [giant cockroach (1)]
  2370 | D:3      | Slain by an iguana

Vault maps used:
D:1:      dpeg_arrival_arbitrary_a, wad_floor_pattern_1
D:2:      lemuel_crystal_altar, nicolae_ru_sacrificial_ziggurat,
          amethyst_killhole
D:3:      lemuel_crystal_altar, ashenzari_altar_1, first_ration,
          grunt_ministairs_2, feat_on_display
D:4:      temple_fountains, uniq_duvessa

Skill      XL: |  1  2  3  4 |
---------------+-------------+-----
Long Blades    | 2 3 |  3.0
Shields        | 3 |  3.2
Armour         | 3 |  3.2
Fighting       | |  3.6

Action                   |  1- 3 |  4- 6 || total
-------------------------+-------+-------++-------
Melee: Long sword        |   142 |    47 ||   189
Invok: Curse Item        |       |     1 ||     1
 Stab: Sleeping          |     1 |       ||     1
  Eat: Chunk             |     3 |     2 ||     5
Armor: Scale mail        |    71 |    17 ||    88
Dodge: Dodged            |    32 |    16 ||    48
Block: Shield            |    65 |    29 ||    94
       Rpst.: Long sword |    12 |     7 ||    19

Table legend:
 A = Non-vault XP
 B = Vault XP
 C = Vault XP percentage of total XP
 D = Non-vault monster count
 E = Vault monster count
 F = Vault count percentage of total count
                 A         B        C        D         E       F
            +---------+---------+-------+---------+---------+-------
      Total |     139 |       4 |   2.8 |      51 |       2 |   3.8
            +---------+---------+-------+---------+---------+-------
        D:1 |      29 |       0 |   0.0 |      16 |       0 |   0.0
        D:2 |      63 |       0 |   0.0 |      21 |       0 |   0.0
        D:3 |      47 |       4 |   7.8 |      14 |       2 |  12.5
            +---------+---------+-------+---------+---------+-------
